 Dungeon Crawl Stone Soup version 0.30-a0-585-g93115170b9 (webtiles) character file.

Game seed: 4093308340415078846

150 vineage the Trooper (level 5, 0/37 HPs)
             Began as a Gargoyle Fighter on Jan 2, 2023.
             Slain by a water moccasin (5 damage)
             ... on level 4 of the Dungeon.
             The game lasted 00:03:19 (3040 turns).

vineage the Trooper (Gargoyle Fighter)              Turns: 3040, Time: 00:03:19

Health: 0/37       AC: 26    Str: 21    XL:     5   Next: 32%
Magic:  5/5        EV:  2    Int:  9    God:
Gold:   111        SH:  4    Dex:  9    Spells: 4/4 levels left

rFire   + . .      SeeInvis .    a - +0 flail (flame)
rCold   . . .      Faith    .    c - +0 buckler
rNeg    + . .      Spirit   .    j - +0 crystal plate armour
rPois   ∞          Reflect  .    (no helmet)
rElec   +          Harm     .    (no cloak)
rCorr   .          Rampage  .    l - +1 Delatra's gloves {ID++}
Will    .....                    (no boots) Stlth
                                 (no amulet)
HPRegen 0.26/turn                o - +4 ring of protection
MPRegen 0.09/turn                r - ring of protection from fire

@: hasted, very quick
A: sickness immunity, AC +4, negative energy resistance 1, electricity
resistance, torment resistance 1, petrification resistance
a: no special abilities


You were on level 4 of the Dungeon.
You visited 1 branch of the dungeon, and saw 4 of its levels.

You collected 111 gold pieces.

Inventory:

Hand Weapons
 a - a +0 flail of flaming (weapon)
Missiles
 f - a throwing net (quivered)
Armour
 b - a +0 scale mail
 c - a +0 buckler (worn)
 j - a +0 crystal plate armour (worn)
 l - the +1 Delatra's gloves (worn) {ID++}
   (You found it on level 2 of the Dungeon)

   It heals its wearer when they drink unknown potions.
   It restores its wearer's MP when they read unknown scrolls.
Jewellery
 o - a +4 ring of protection (left hand)
 r - a ring of protection from fire (right hand)
Scrolls
 e - a scroll of blinking {unknown}
 k - a scroll of amnesia {unknown}
 m - a scroll of identify
 p - a scroll of fog {unknown}
 u - a scroll of vulnerability {unknown}
 v - a scroll of teleportation {unknown}
 w - a scroll of noise {unknown}
Potions
 d - a potion of might
 h - a potion of flight {unknown}
 i - 2 potions of berserk rage
 n - a potion of heal wounds {unknown}
 q - a potion of invisibility {unknown}
 s - a potion of curing {unknown}
 t - a potion of cancellation {unknown}


   Skills:
 * Level 6.4 Fighting
 - Level 2.0 Maces & Flails
 - Level 3.2 Armour
 - Level 3.2 Shields


You had 4 spell levels left.
You didn't know any spells.
Your spell library was empty.

Dungeon Overview and Level Annotations

Branches:
Dungeon (4/15)
 Temple: D:4-7

Altars:


Innate Abilities, Weirdness & Mutations

You are immune to sickness and miasma.
Your stone body is resilient. (AC +4)
You are immune to poison.
You resist negative energy. (rN+)
You are resistant to electric shocks. (rElec)
You are resistant to unholy torment.
You are immune to petrification.


Message History

You miss the water moccasin.
The water moccasin is lightly wounded.
The water moccasin bites you but does no damage.
You block the ogre's attack.
The water moccasin bites you but does no damage.
You barely miss the water moccasin.
The water moccasin is lightly wounded.
The water moccasin bites you but does no damage.
The ogre hits you but does no damage.
The water moccasin bites you but does no damage.
You closely miss the water moccasin.
The water moccasin is lightly wounded.
The water moccasin bites you but does no damage.
The ogre hits you with a +0 giant club. The water moccasin barely misses you.
You barely miss the water moccasin.
The water moccasin is lightly wounded.
The water moccasin bites you but does no damage.
The ogre hits you with a +0 giant club!!
Ouch! That really hurt!
* * * LOW HITPOINT WARNING * * *
The water moccasin bites you but does no damage.
You are too injured to fight recklessly!
You are too injured to fight recklessly!
It was a potion of haste.
You feel yourself speed up.
The energy of discovery flows from your fingertips!
You feel much better.
The water moccasin bites you but does no damage.
The ogre hits you with a +0 giant club.
Okay, then.
You sock the ogre! You burn the ogre.
The ogre is moderately wounded.
The water moccasin bites you.
You barely miss the ogre.
The ogre is moderately wounded.
The water moccasin bites you.
The ogre hits you with a +0 giant club!!
Ouch! That really hurt!
* * * LOW HITPOINT WARNING * * *
The water moccasin bites you.
You die...

......###
...).>.# .......
..... .... #o.
#S# #@# . #O# .
...####.####...
................
....###...###.#.
....>..†......#
#.#####).†#####
#.....<..##
########.#


You could see a water moccasin, an ogre and an orc.

Vanquished Creatures
  An orc wizard (D:2)
  5 adders
  2 worms (D:2)
  A dart slug (D:3)
  8 orcs
  3 bats
  4 endoplasms
  A giant cockroach (D:4)
  6 goblins
  6 hobgoblins
  4 jackals (D:1)
  4 quokkas
  8 ball pythons
  4 frilled lizards
  2 kobolds
  7 rats
66 creatures vanquished.

Vanquished Creatures (others)
  5 plants (D:3)
5 creatures vanquished.

Grand Total: 71 creatures vanquished

Notes
Turn   | Place    | Note
-------+----------+-------------------------------------------
     0 | D:1      | vineage the Gargoyle Fighter began the quest for the Orb.
     0 | D:1      | Reached XP level 1. HP: 14/14 MP: 1/1
   129 | D:1      | Reached XP level 2. HP: 20/20 MP: 2/2
   178 | D:1      | Reached skill level 4 in Fighting
   478 | D:1      | Reached XP level 3. HP: 24/24 MP: 3/3
  1240 | D:2      | Reached skill level 5 in Fighting
  1262 | D:2      | Found a faded altar of an unknown god.
  1359 | D:2      | Found the +1 Delatra's gloves {ID++}
  1414 | D:2      | Reached XP level 4. HP: 31/31 MP: 4/4
  1853 | D:3      | Reached skill level 6 in Fighting
  2118 | D:3      | Reached XP level 5. HP: 36/36 MP: 5/5
  3018 | D:4      | Noticed a water moccasin
  3028 | D:4      | Noticed an ogre
  3040 | D:4      | Slain by a water moccasin

Illustrated notes

Levels and vault maps discovered:
D:1:      elethiomel_arrival_shortcut, layout_basic
D:2:      layout_basic, dreamdust_ecumenical_altar_hidden_monk_grotto,
          minivault_4, pf_guarded_unrand_delatra
D:3:      layout_basic, moated_statue, nicolae_concentric_dashed_squares_wild,
          chequers_big_river
D:4:      layout_loops_ring

Skill      XL: |  1  2  3  4 |
---------------+-------------+-----
Fighting       | 4 5 6 |  6.4
Maces & Flails | |  2.0
Armour         | |  3.2
Shields        | |  3.2

Action                   |  1- 3 |  4- 6 || total
-------------------------+-------+-------++-------
Melee: Flail             |   146 |   126 ||   272
  Use: Scroll            |     3 |     1 ||     4
       Potion            |       |     1 ||     1
Armor: Scale mail        |    62 |       ||    62
       Crystal plate arm |    49 |   140 ||   189
Dodge: Dodged            |    60 |    20 ||    80
Block: Buckler           |    33 |    33 ||    66

Table legend: (Time is in decaauts)
 A = Elapsed time spent in this place.
 B = Non-inter-level travel time spent in this place.
 C = Inter-level travel time spent in this place.
 D = Time resting spent in this place.
 E = Time spent auto-exploring this place.
 F = Levels seen in this place.
 G = Mean time per level.
                   A        B        C        D        E       F      G
               +--------+--------+--------+--------+--------+-----+--------+
         Total |   3142 |   3044 |     98 |      0 |   2391 |   4 |  785.5 |
       Dungeon |   3142 |   3044 |     98 |      0 |   2391 |   4 |  785.5 |
               +--------+--------+--------+--------+--------+-----+--------+

Top non-repeatable levels by time:
     D:3: 1189 daAuts
     D:1: 960 daAuts
     D:2: 936 daAuts
     D:4: 55 daAuts
